 Dungeon Crawl Stone Soup version 0.17.0-23-g0de4337 (console) character file.

109 nht the Cudgeler (level 4, 0/41 HPs)
             Began as an Ogre Enchanter on Nov 14, 2015.
             Was an Initiate of Okawaru.
             Slain by a hound (3 damage)
             ... on level 4 of the Dungeon.
             The game lasted 00:03:02 (2093 turns).

nht the Cudgeler (Ogre Enchanter)                   Turns: 2093, Time: 00:03:02

Health: 0/41       AC:  4    Str: 14    XL:     4   Next: 90%
Magic:  7/7        EV: 10    Int: 14    God:    Okawaru [......]
Gold:   134        SH:  0    Dex: 10    Spells: 0 memorised, 7 levels left

rFire  . . .     SeeInvis .     a - +1 dagger
rCold  . . .     Clarity  .     f - +1 robe {MR+}
rNeg   . . .     SustAt   .     (no shield)
rPois  .         Gourm    .     (helmet restricted)
rElec  .         Spirit   .     (no cloak)
rCorr  .         Warding  .     (gloves unavailable)
rMut   .         Stasis   .     (boots unavailable)
MR     +....                    (no amulet)
Stlth  ++........               (no ring)
                                (no ring)

@: somewhat resistant to hostile enchantments, unstealthy
A: unfitting armour, tough skin 1
a: Renounce Religion


You were on level 4 of the Dungeon.
You worshipped Okawaru.
Okawaru was noncommittal.
You were not hungry.

You visited 1 branch of the dungeon, and saw 4 of its levels.

You collected 134 gold pieces.

Inventory:

Hand Weapons
 a - a +1 dagger (weapon)
 j - a +0 club
Armour
 f - a +1 robe of magic resistance (worn)
Jewellery
 n - an uncursed amulet of stasis
Scrolls
 h - 3 scrolls of identify
Books
 c - a book of Maledictions

   Spells                             Type                      Level
   a - Corona                         Hexes                        1
   b - Ensorcelled Hibernation        Hexes/Ice                    2
   c - Confuse                        Hexes                        3
   d - Tukima's Dance                 Hexes                        3
   e - Dazzling Spray                 Conjuration/Hexes            3
Comestibles
 d - 3 bread rations
 i - a beef jerky


   Skills:
 - Level 1.1 Fighting
 - Level 0.5 Short Blades
 + Level 5.5 Maces & Flails
 - Level 1.7 Dodging
 - Level 2.4 Stealth
 - Level 2.4 Spellcasting
   Level 2.1 Hexes


You had 7 spell levels left.
You didn't know any spells.

Dungeon Overview and Level Annotations

Branches:
Dungeon (4/15)
 Temple: D:4-7

Altars:
Gozag
Nemelex Xobeh
Okawaru
Yredelemnul

Annotations:
D:3 Sigmund


Innate Abilities, Weirdness & Mutations

You are too large for most types of armour.
You have tough skin (AC +1).


Message History

You completely miss the hound.
The hound is lightly wounded.
The hound closely misses you.
You hit the hound but do no damage.
The hound is lightly wounded.
The hound bites you but does no damage. The hound bites you.
* * * LOW HITPOINT WARNING * * *
You closely miss the hound.
The hound is lightly wounded.
The hound bites you.
* * * LOW HITPOINT WARNING * * *
You hit the hound.
The hound is moderately wounded.
The hound bites you.
* * * LOW HITPOINT WARNING * * *
The hound completely misses you.
You closely miss the hound.
The hound is moderately wounded.
The hound bites you.
You die...

██.P.P. █..._.. ...P.P.
█..... ███....███ .█.
....(..█.█ ...██ █
█....█.█ ....███.██
█(.Zh.██████........
███████@█....█.█.█.█.█
█_≈█................>███
█.████..█.██+█...█......
█.'...........██..<..:█
█.██..........███.██████
█§§█..........'<.......█
████..........███.████.█
█...........█ █...
█████.......█ ███...
...[.....█ ..██
.......)..█ ██


You could see a hound and a hound skeleton.

Vanquished Creatures
  Jessica (D:3)
  4 adders
  3 oozes
  A ball python (D:2)
  2 goblins
  3 hobgoblins (D:1)
  2 jackals (D:3)
  A quokka (D:2)
  8 bats
  3 giant cockroaches (D:2)
  3 giant newts
  2 kobolds
  7 rats
40 creatures vanquished.

Notes
Turn   | Place    | Note
--------------------------------------------------------------
     0 | D:1      | nht the Ogre Enchanter began the quest for the Orb.
     0 | D:1      | Reached XP level 1. HP: 16/16 MP: 3/3
   104 | D:1      | Reached skill level 1 in Fighting
   176 | D:1      | Reached skill level 1 in Maces & Flails
   214 | D:1      | Reached XP level 2. HP: 17/27 MP: 5/5
   597 | D:1      | Reached skill level 3 in Maces & Flails
   625 | D:1      | Reached XP level 3. HP: 22/33 MP: 6/6
  1432 | D:2      | Reached skill level 4 in Maces & Flails
  1454 | D:2      | Found a sparkling altar of Nemelex Xobeh.
  1501 | D:2      | Reached XP level 4. HP: 7/41 MP: 7/7
  1726 | D:3      | Noticed Jessica
  1758 | D:3      | Killed Jessica
  1758 | D:3      | Reached skill level 5 in Maces & Flails
  1981 | D:3      | Noticed Sigmund
  2068 | D:4      | Found an iron altar of Okawaru.
  2068 | D:4      | Found an opulent altar of Gozag.
  2071 | D:4      | Became a worshipper of Warmaster Okawaru
  2079 | D:4      | Found a basalt altar of Yredelemnul.
  2093 | D:4      | Slain by a hound

Action                   |  1- 3 |  4- 6 || total
-------------------------+-------+-------++-------
Melee: Dagger            |   148 |    64 ||   212
Throw: Javelin           |     6 |     6 ||    12
  Use: Scroll            |       |     8 ||     8
       Potion            |       |     4 ||     4
 Stab: Sleeping          |     1 |     2 ||     3
  Eat: Chunk             |     2 |     2 ||     4
